APP
DETROIT (APP) TIGERS @ ELIZABETHTON TWINS
10/08/2046
 
TOP OF THE 1ST
Great Falls Voyagers batting - Pitching for Cleveland (APP) Indians : RHP Eugene Stott
Pitching: RHP Eugene Stott
Batting: RHB Andy Cotton 0-0: Swinging Strike
0-1: Ball
1-1: Called Strike
1-2: Ball
2-2: Strikes out looking
Batting: RHB Mike Rosa 0-0: Swinging Strike
0-1: Ball
1-1: Swinging Strike
1-2: Ball
2-2: Ball
3-2: Foul Ball, location: 2F
3-2: Base on Balls
Batting: LHB James Groshong 0-0: Called Strike
0-1: Ball
Mike Rosa is caught stealing 2nd base 2-6
1-1: Foul Ball, location: 2F
1-2: Ground out U3 (Groundball, 13, EV 80.0 MPH)
Top of the 1st over - 0 runs, 0 hits, 0 errors, 0 left on base; Great Falls 0 - Cleveland (APP) 0
BOTTOM OF THE 1ST
Cleveland (APP) Indians batting - Pitching for Great Falls Voyagers : LHP Marty de la Rosa
Pitching: LHP Marty de la Rosa
Batting: RHB Christian Blue 0-0: Foul Ball, location: 2F
0-1: Ball
1-1: Foul Ball, location: 2F
1-2: Foul Ball, location: 2F
1-2: Strikes out swinging, 2-3 out at first.
Batting: LHB John Harring 0-0: Ball
1-0: Ball
2-0: Ball
3-0: Called Strike
3-1: Called Strike
3-2: Strikes out looking
Batting: LHB Justin Rankin 0-0: Ball
1-0: Called Strike
1-1: Ground out 4-3 (Groundball, 34D, EV 107.5 MPH)
Bottom of the 1st over - 0 runs, 0 hits, 0 errors, 0 left on base; Great Falls 0 - Cleveland (APP) 0
TOP OF THE 2ND
Great Falls Voyagers batting - Pitching for Cleveland (APP) Indians : RHP Eugene Stott
Batting: LHB Jason Bell 0-0: Foul Ball, location: 2F
0-1: Called Strike
0-2: Foul Ball, location: 2F
0-2: Ball
1-2: Ground out 6-3 (Groundball, 4, EV 85.6 MPH)
Batting: RHB Adan Lake 0-0: Ball
1-0: SINGLE (Line Drive, 4MD, EV 96.9 MPH)
Batting: LHB Evan Oliveri 0-0: Ball
1-0: Ball
Passed Ball!
Adan Lake to second
2-0: Ball
3-0: Called Strike
3-1: Base on Balls
Batting: LHB Jose Duran 0-0: Foul Ball, location: 2F
0-1: Ball
Passed Ball!
Adan Lake to third
Evan Oliveri to second
1-1: SINGLE (Groundball, 56S, EV 68.1 MPH) (infield hit)
Adan Lake scores
Evan Oliveri to third
Batting: RHB Billy Grubbs 0-0: Ball
1-0: Ball
Passed Ball!
Evan Oliveri scores
Jose Duran to second
2-0: Ball
3-0: Called Strike
3-1: SINGLE (Line Drive, 89S, EV 111.2 MPH)
Jose Duran to third
Batting: RHB Armando Vazquez 0-0: Called Strike
0-1: Foul Ball, location: 2F
0-2: Fly out, F7 (Flyball, 7LD, EV 98.1 MPH)
Runner from 3rd tags up, SCORES, no throw by LF
Batting: RHB Andy Cotton 0-0: Called Strike
0-1: Foul Ball, location: 2F
0-2: Foul Ball, location: 2F
0-2: Ball
1-2: Ball
Billy Grubbs steals 2nd base
2-2: Foul Ball, location: 2F
2-2: Strikes out swinging
Top of the 2nd over - 3 runs, 3 hits, 0 errors, 1 left on base; Great Falls 3 - Cleveland (APP) 0
BOTTOM OF THE 2ND
Cleveland (APP) Indians batting - Pitching for Great Falls Voyagers : LHP Marty de la Rosa
Batting: RHB Greg Harden 0-0: Ball
1-0: Foul Ball, location: 2F
1-1: Called Strike
1-2: SINGLE (Line Drive, 56D, EV 102.5 MPH)
Batting: RHB Nick Murray 0-0: Ball
1-0: Ball
2-0: Foul Ball, location: 2F
2-1: Ball
3-1: Fielders Choice at 2nd, 5-4 (Groundball, 56S, EV 86.9 MPH)
Batting: RHB Jeremy Givens 0-0: Called Strike
0-1: Ball
1-1: Ball
2-1: DOUBLE (Line Drive, 78M, EV 106.9 MPH)
Nick Murray to third
Batting: RHB Ricky Cordova 0-0: Ball
1-0: Fly out, F5 (Popup, 25F, EV 89.4 MPH)
Batting: RHB David Schweitzer 0-0: Called Strike
0-1: Ball
1-1: Fly out, F7 (Flyball, 78M, EV 91.9 MPH)
Bottom of the 2nd over - 0 runs, 2 hits, 0 errors, 2 left on base; Great Falls 3 - Cleveland (APP) 0
TOP OF THE 3RD
Great Falls Voyagers batting - Pitching for Cleveland (APP) Indians : RHP Eugene Stott
Batting: RHB Mike Rosa 0-0: Called Strike
0-1: Called Strike
0-2: Ball
1-2: Foul Ball, location: 2F
1-2: DOUBLE (Line Drive, 7LM, EV 88.8 MPH)
Batting: LHB James Groshong 0-0: Ball
1-0: Ball
Mike Rosa steals 3rd base (no throw)
2-0: Ball
3-0: Base on Balls
Batting: LHB Jason Bell 0-0: Ball
Wild Pitch!
Mike Rosa scores
James Groshong to second
1-0: Called Strike
1-1: Ball
2-1: Foul Ball, location: 2F
2-2: Ball
3-2: Ground out 4-3 (Groundball, 4, EV 105.0 MPH)
James Groshong to third
Batting: RHB Adan Lake 0-0: Called Strike
0-1: Fly out, F4 (Popup, 34D, EV 76.2 MPH)
Batting: LHB Evan Oliveri 0-0: Ball
1-0: Ball
2-0: Called Strike
2-1: DOUBLE (Line Drive, 8RXD, EV 110.0 MPH)
James Groshong scores
Batting: LHB Jose Duran 0-0: SINGLE (Groundball, 56D, EV 106.2 MPH)
Evan Oliveri to third
Runner from 3rd tries for Home, throw by LF and OUT! 7-2
Top of the 3rd over - 2 runs, 3 hits, 0 errors, 1 left on base; Great Falls 5 - Cleveland (APP) 0
BOTTOM OF THE 3RD
Cleveland (APP) Indians batting - Pitching for Great Falls Voyagers : LHP Marty de la Rosa
Batting: RHB Matt Thompson 0-0: Ball
1-0: Swinging Strike
1-1: Swinging Strike
1-2: Strikes out swinging
Batting: RHB Christian Blue 0-0: Swinging Strike
0-1: Ball
1-1: Called Strike
1-2: Ball
2-2: Foul Ball, location: 2F
2-2: Reached on error, E4 (Groundball, 4, EV 103.1 MPH)
Batting: LHB John Harring 0-0: DOUBLE (Groundball, 5D, EV 105.6 MPH)
Christian Blue scores
Batting: LHB Justin Rankin 0-0: Ball
1-0: Fly out, F4 (Popup, 4M, EV 76.9 MPH)
Batting: RHB Greg Harden 0-0: Fly out, F8 (Line Drive, 8LD, EV 107.5 MPH)
Bottom of the 3rd over - 1 run, 1 hit, 1 error, 1 left on base; Great Falls 5 - Cleveland (APP) 1
TOP OF THE 4TH
Great Falls Voyagers batting - Pitching for Cleveland (APP) Indians : RHP Eugene Stott
Batting: RHB Billy Grubbs 0-0: Foul Ball, location: 2F
0-1: Foul Ball, location: 2F
0-2: Fly out, F8 (Flyball, 8LS, EV 83.1 MPH)
Batting: RHB Armando Vazquez 0-0: Called Strike
0-1: Foul Ball, location: 2F
0-2: Ball
1-2: Ball
2-2: Strikes out swinging
Batting: RHB Andy Cotton 0-0: Ball
1-0: Ball
2-0: Called Strike
2-1: Called Strike
2-2: Foul Ball, location: 2F
2-2: Fly out, F2 (Popup, 2RF, EV 97.5 MPH)
Top of the 4th over - 0 runs, 0 hits, 0 errors, 0 left on base; Great Falls 5 - Cleveland (APP) 1
BOTTOM OF THE 4TH
Cleveland (APP) Indians batting - Pitching for Great Falls Voyagers : LHP Marty de la Rosa
Batting: RHB Nick Murray 0-0: Ball
1-0: DOUBLE (Line Drive, 89D, EV 110.6 MPH)
Batting: RHB Jeremy Givens 0-0: Called Strike
0-1: Reached on error, E6 (Groundball, 56, EV 84.4 MPH)
Nick Murray scores
Batting: RHB Ricky Cordova 0-0: TRIPLE (Flyball, 89XD, EV 91.9 MPH)
Jeremy Givens scores
Batting: RHB David Schweitzer 0-0: Swinging Strike
0-1: Called Strike
0-2: Foul Ball, location: 2F
0-2: Ball
1-2: Strikes out swinging
Batting: RHB Matt Thompson 0-0: Ground out 4-3 (Groundball, 4, EV 81.9 MPH)
Batting: RHB Christian Blue 0-0: Foul Ball, location: 2F
0-1: Ball
1-1: Ball
2-1: Ball
3-1: Base on Balls
Batting: LHB John Harring 0-0: Foul Ball, location: 2F
0-1: Ball
1-1: Ball
2-1: Ball
3-1: SINGLE (Groundball, 3D, EV 95.6 MPH)
Ricky Cordova scores
Christian Blue to second
Runner from 2nd tries for 3rd, SAFE, throw by RF made to third
Batting: LHB Justin Rankin 0-0: Ball
1-0: Ball
2-0: Called Strike
2-1: SINGLE (Groundball, 34D, EV 95.0 MPH)
Christian Blue scores
John Harring to second
Runner from 2nd tries for 3rd, OUT! 9-5
Bottom of the 4th over - 4 runs, 4 hits, 1 error, 1 left on base; Great Falls 5 - Cleveland (APP) 5
TOP OF THE 5TH
Great Falls Voyagers batting - Pitching for Cleveland (APP) Indians : RHP Eugene Stott
Batting: RHB Mike Rosa 0-0: Ball
1-0: Called Strike
1-1: Fly out, F3 (Popup, 3S, EV 78.1 MPH)
Batting: LHB James Groshong 0-0: Called Strike
0-1: Ball
1-1: Ball
2-1: Ball
3-1: Base on Balls
Batting: LHB Jason Bell 0-0: Ball
James Groshong steals 2nd base
1-0: Foul Ball, location: 2F
1-1: Ball
2-1: Ball
3-1: Base on Balls
Batting: RHB Adan Lake 0-0: Ball
1-0: Foul Ball, location: 2F
1-1: Foul Ball, location: 2F
1-2: Ball
2-2: Fly out, F7 (Flyball, 78D, EV 109.4 MPH)
Batting: LHB Evan Oliveri 0-0: Ball
1-0: Swinging Strike
Passed Ball!
James Groshong to third
Jason Bell to second
1-1: Ball
Passed Ball!
James Groshong scores
Jason Bell to third
2-1: Ground out 5-3 (Groundball, 56, EV 101.2 MPH)
Top of the 5th over - 1 run, 0 hits, 0 errors, 1 left on base; Great Falls 6 - Cleveland (APP) 5
BOTTOM OF THE 5TH
Cleveland (APP) Indians batting - Pitching for Great Falls Voyagers : LHP Marty de la Rosa
Pitching: LHP Evan Boyd
Batting: RHB Greg Harden 0-0: Foul Ball, location: 2F
0-1: Ball
1-1: Foul Ball, location: 2F
1-2: DOUBLE (Line Drive, 5D, EV 109.4 MPH)
Batting: RHB Nick Murray 0-0: Ball
1-0: Ball
2-0: Ball
3-0: Called Strike
3-1: Base on Balls
Batting: RHB Jeremy Givens 0-0: Ball
1-0: Ball
2-0: Foul Ball, location: 2F
2-1: Ball
3-1: Base on Balls
Greg Harden to third
Nick Murray to second
Batting: RHB Ricky Cordova 0-0: Foul Ball, location: 2F
0-1: Foul Ball, location: 2F
0-2: Foul Ball, location: 2F
0-2: Ball
1-2: Ball
2-2: Foul Ball, location: 2F
2-2: Strikes out looking
Batting: RHB David Schweitzer 0-0: Called Strike
0-1: Swinging Strike
0-2: Ball
1-2: Ball
2-2: Foul Ball, location: 2F
2-2: Foul Ball, location: 2F
2-2: Ball
3-2: SINGLE (Groundball, 6MD, EV 101.9 MPH)
Greg Harden scores
Nick Murray to third
Jeremy Givens to second
Runner from 3rd tries for Home, SAFE, throw by CF to trailing runner, SAFE at third!
Batting: RHB Matt Thompson 0-0: Ball
1-0: Foul Ball, location: 2F
1-1: Ball
2-1: Foul Ball, location: 2F
2-2: Ball
3-2: Foul Ball, location: 2F
3-2: Ground out 4-3 (Groundball, 4M, EV 101.2 MPH)
Jeremy Givens scores
David Schweitzer to second
Pitching: RHP Alec Guglielmo
Batting: RHB Christian Blue 0-0: Ball
1-0: Ball
2-0: Called Strike
2-1: Foul Ball, location: 2F
2-2: Ball
3-2: Foul Ball, location: 2F
3-2: Foul Ball, location: 2F
3-2: Foul Ball, location: 2F
3-2: Reached on error, E5 (Groundball, 5L, EV 110.0 MPH)
David Schweitzer scores
Batting: LHB John Harring 0-0: Ball
1-0: Ball
2-0: Ball
3-0: Called Strike
3-1: Base on Balls
Batting: LHB Justin Rankin 0-0: Fly out, F7 (Flyball, 78M, EV 82.5 MPH)
Bottom of the 5th over - 4 runs, 2 hits, 1 error, 2 left on base; Great Falls 6 - Cleveland (APP) 9
TOP OF THE 6TH
Great Falls Voyagers batting - Pitching for Cleveland (APP) Indians : RHP Eugene Stott
Batting: LHB Jose Duran 0-0: Ball
1-0: SINGLE (Groundball, 6D, EV 99.4 MPH)
Pitching: LHP Alcander Magos
Batting: RHB Billy Grubbs 0-0: SINGLE (Line Drive, 8LM, EV 90.6 MPH)
Jose Duran to second
Batting: RHB Armando Vazquez 0-0: Called Strike
0-1: Swinging Strike
0-2: Ball
1-2: Ball
Passed Ball!
Jose Duran to third
Billy Grubbs to second
2-2: Ground out 6-3 (Groundball, 6S, EV 76.2 MPH)
Jose Duran scores
Batting: RHB Andy Cotton 0-0: Ball
1-0: Foul Ball, location: 2F
1-1: Foul Ball, location: 2F
1-2: TRIPLE (Flyball, 78XD, EV 88.8 MPH)
Billy Grubbs scores
Batting: RHB Mike Rosa 0-0: Ball
1-0: Ground out 6-3 (Groundball, 6, EV 79.4 MPH)
Batting: LHB James Groshong 0-0: SINGLE (Flyball, 6D, EV 93.8 MPH)
Andy Cotton scores
Batting: SHB Alfie Bungledorf 0-0: Ball
1-0: Swinging Strike
Passed Ball!
James Groshong to second
1-1: Foul Ball, location: 2F
1-2: Foul Ball, location: 2F
1-2: Ball
2-2: Ball
Wild Pitch!
James Groshong to third
3-2: Base on Balls
Pitching: RHP Jose Esteban
Batting: RHB Adan Lake 0-0: Ground out 1-3 (Groundball, 34S, EV 75.0 MPH)
Top of the 6th over - 3 runs, 4 hits, 0 errors, 2 left on base; Great Falls 9 - Cleveland (APP) 9
BOTTOM OF THE 6TH
Cleveland (APP) Indians batting - Pitching for Great Falls Voyagers : RHP Alec Guglielmo
Batting: RHB Greg Harden 0-0: Ball
1-0: Called Strike
1-1: Ball
2-1: Called Strike
2-2: Foul Ball, location: 2F
2-2: Ground out 6-3 (Groundball, 56, EV 86.2 MPH)
Batting: RHB Nick Murray 0-0: Ball
1-0: Foul Ball, location: 2F
1-1: SINGLE (Groundball, 6D, EV 107.5 MPH)
Pitching: RHP Frank Gamez
Batting: RHB Jeremy Givens 0-0: Ball
1-0: Ball
2-0: Ball
3-0: Called Strike
3-1: Fielders Choice at 2nd, 4-6 (Groundball, 4, EV 80.6 MPH)
Batting: RHB Ricky Cordova 0-0: Ball
1-0: Swinging Strike
1-1: Foul Ball, location: 2F
1-2: Ground out 5-3 (Groundball, 5S, EV 86.2 MPH)
Bottom of the 6th over - 0 runs, 1 hit, 0 errors, 1 left on base; Great Falls 9 - Cleveland (APP) 9
TOP OF THE 7TH
Great Falls Voyagers batting - Pitching for Cleveland (APP) Indians : RHP Jose Esteban
Batting: LHB Evan Oliveri 0-0: Ball
1-0: Swinging Strike
1-1: Ball
2-1: DOUBLE (Flyball, 8RD, EV 96.9 MPH)
Batting: LHB Jose Duran 0-0: Intentional Walk
Batting: RHB Billy Grubbs 0-0: Called Strike
0-1: Called Strike
0-2: Ball
1-2: Fielders Choice at 2nd, 5-4 (Groundball, 56, EV 84.4 MPH)
Evan Oliveri to third
Batting: RHB Armando Vazquez 0-0: Ball
1-0: Ball
Passed Ball!
Evan Oliveri scores
Billy Grubbs to second
2-0: Foul Ball, location: 2F
2-1: Called Strike
2-2: Ball
Passed Ball!
Billy Grubbs to third
3-2: Base on Balls
Batting: RHB Andy Cotton 0-0: Ball
1-0: Called Strike
Armando Vazquez is caught stealing 2nd base 2-4
1-1: Ball
2-1: Swinging Strike
2-2: Foul Ball, location: 2F
2-2: Ball
Passed Ball!
Billy Grubbs scores
3-2: Base on Balls
Pitching: LHP Jordan Leon
Batting: RHB Mike Rosa 0-0: Ball
Wild Pitch!
Andy Cotton to second
1-0: Ball
2-0: Ball
Passed Ball!
Andy Cotton to third
3-0: Called Strike
Passed Ball!
Andy Cotton scores
3-1: Base on Balls
Batting: LHB James Groshong 0-0: Ball
Mike Rosa is caught stealing 2nd base 2-6
Top of the 7th over - 3 runs, 1 hit, 0 errors, 0 left on base; Great Falls 12 - Cleveland (APP) 9
BOTTOM OF THE 7TH
Cleveland (APP) Indians batting - Pitching for Great Falls Voyagers : RHP Frank Gamez
Batting: RHB David Schweitzer 0-0: Called Strike
0-1: Ball
1-1: Foul Ball, location: 2F
1-2: Ball
2-2: Ball
3-2: Base on Balls
Batting: RHB Matt Thompson 0-0: Foul Ball, location: 2F
0-1: Foul Ball, location: 2F
0-2: Grounds into double play, 6-4-3 (Groundball, 6MD, EV 103.8 MPH)
Batting: RHB Christian Blue 0-0: Foul Ball, location: 2F
0-1: Foul Ball, location: 2F
0-2: Ball
1-2: Strikes out looking
Bottom of the 7th over - 0 runs, 0 hits, 0 errors, 0 left on base; Great Falls 12 - Cleveland (APP) 9
TOP OF THE 8TH
Great Falls Voyagers batting - Pitching for Cleveland (APP) Indians : LHP Jordan Leon
Batting: LHB James Groshong 0-0: SOLO HOME RUN (Flyball, 7D, EV 98.8 MPH), Distance : 366 ft
Batting: SHB Alfie Bungledorf 0-0: Ball
1-0: SOLO HOME RUN (Flyball, 78XD, EV 115.6 MPH), Distance : 422 ft
Batting: RHB Adan Lake 0-0: Ball
1-0: Ball
2-0: Ball
3-0: Base on Balls
Batting: LHB Evan Oliveri 0-0: Foul Ball, location: 2F
0-1: Swinging Strike
0-2: Strikes out swinging
Batting: LHB Jose Duran 0-0: Called Strike
0-1: Fielders Choice at 2nd, 1-6 (Groundball, P, EV 64.4 MPH)
Pitching: LHP Jordan Jimenez
Batting: RHB Billy Grubbs 0-0: Swinging Strike
0-1: Swinging Strike
0-2: Ball
1-2: Fly out, F4 (Line Drive, 4, EV 75.6 MPH)
Top of the 8th over - 2 runs, 2 hits, 0 errors, 1 left on base; Great Falls 14 - Cleveland (APP) 9
BOTTOM OF THE 8TH
Cleveland (APP) Indians batting - Pitching for Great Falls Voyagers : RHP Frank Gamez
Batting: LHB John Harring 0-0: Ball
1-0: Ball
2-0: Foul Ball, location: 2F
2-1: Ball
3-1: Base on Balls
Batting: LHB Justin Rankin 0-0: Foul Ball, location: 2F
0-1: 2-RUN HOME RUN (Flyball, 89XD, EV 103.8 MPH), Distance : 413 ft
Batting: RHB Greg Harden 0-0: Ball
1-0: Swinging Strike
1-1: Reached on error, E6 (Groundball, 6, EV 100.0 MPH)
Batting: RHB Nick Murray 0-0: Ball
1-0: Ball
2-0: Foul Ball, location: 2F
2-1: Ball
3-1: Foul Ball, location: 2F
3-2: Base on Balls
Batting: RHB Jeremy Givens 0-0: Ball
1-0: Fielders Choice at 2nd, 3-6 (Groundball, 34S, EV 81.9 MPH)
Greg Harden to third
Batting: RHB Ricky Cordova 0-0: Ball
1-0: Ball
2-0: 3-RUN HOME RUN (Flyball, 9LD, EV 95.0 MPH), Distance : 357 ft
Pitching: LHP Ray Sowers
Batting: RHB David Schweitzer 0-0: SINGLE (Groundball, 34D, EV 101.9 MPH)
Batting: RHB Matt Thompson 0-0: Ball
1-0: Called Strike
Pickoff Throw by Catcher to First - Out!
1-1: Ball
2-1: Ball
3-1: Ground out U3 (Groundball, 3, EV 82.5 MPH)
Bottom of the 8th over - 5 runs, 3 hits, 1 error, 0 left on base; Great Falls 14 - Cleveland (APP) 14
TOP OF THE 9TH
Great Falls Voyagers batting - Pitching for Cleveland (APP) Indians : LHP Jordan Jimenez
Batting: RHB Armando Vazquez 0-0: Called Strike
0-1: Swinging Strike
0-2: Ball
1-2: Ball
2-2: Foul Ball, location: 2F
2-2: Foul Ball, location: 2F
2-2: Ball
3-2: Base on Balls
Batting: RHB Andy Cotton 0-0: Foul Ball, location: 2F
0-1: Ball
Armando Vazquez steals 2nd, throwing error, E2
Armando Vazquez to third
1-1: Ball
2-1: Ball
3-1: Base on Balls
Batting: RHB Mike Rosa 0-0: Ball
1-0: Ball
Wild Pitch!
Armando Vazquez scores
Andy Cotton to second
2-0: Intentional Walk
Pitching: RHP Malachi Shelton
Batting: LHB James Groshong 0-0: Ball
1-0: Called Strike
1-1: Called Strike
1-2: Foul Ball, location: 2F
1-2: Grounds into double play, 4-6-3 (Groundball, 4, EV 87.5 MPH)
Andy Cotton to third
Batting: SHB Alfie Bungledorf 0-0: Intentional Walk
Batting: RHB Adan Lake 0-0: Ball
1-0: Ball
Passed Ball!
Andy Cotton scores
Alfie Bungledorf to second
2-0: DOUBLE (Line Drive, 78D, EV 108.1 MPH)
Alfie Bungledorf scores
Batting: LHB Evan Oliveri 0-0: Called Strike
0-1: SINGLE (Line Drive, 8RS, EV 105.6 MPH)
Adan Lake to third
Runner from 3rd tries for Home, SAFE, throw by CF to home
Evan Oliveri to second
Batting: LHB Jose Duran 0-0: Intentional Walk
Batting: RHB Billy Grubbs 0-0: Foul Ball, location: 2F
0-1: Ball
Passed Ball!
Evan Oliveri to third
Jose Duran to second
1-1: SINGLE (Groundball, 15S, EV 68.8 MPH) (infield hit)
Evan Oliveri scores
Jose Duran to third
Batting: RHB Armando Vazquez 0-0: Called Strike
0-1: 3-RUN HOME RUN (Flyball, 7LD, EV 90.6 MPH), Distance : 353 ft
Batting: RHB Andy Cotton 0-0: Ball
1-0: Ball
2-0: Foul Ball, location: 2F
2-1: Foul Ball, location: 2F
2-2: Foul Ball, location: 2F
2-2: Ball
3-2: Base on Balls
Pinch Hitting: RHB Zachary Anderson 0-0: Called Strike
Andy Cotton steals 2nd, throwing error, E2
Andy Cotton to third
0-1: 2-RUN HOME RUN (Line Drive, 78XD, EV 100.6 MPH), Distance : 409 ft
Pitching: LHP Fred Kelly
Batting: LHB James Groshong 0-0: Ball
1-0: Called Strike
1-1: Ball
2-1: Ball
3-1: Foul Ball, location: 2F
3-2: Foul Ball, location: 2F
3-2: Strikes out swinging
Top of the 9th over - 10 runs, 5 hits, 2 errors, 0 left on base; Great Falls 24 - Cleveland (APP) 14
BOTTOM OF THE 9TH
Cleveland (APP) Indians batting - Pitching for Great Falls Voyagers : LHP Ray Sowers
Now at 2B: Billy Grubbs
Now at 3B: Zachary Anderson
Batting: RHB Christian Blue 0-0: Called Strike
0-1: Ball
1-1: Foul Ball, location: 2F
1-2: Fly out, F8 (Flyball, 78M, EV 90.6 MPH)
Batting: LHB John Harring 0-0: Ball
1-0: Ball
2-0: Foul Ball, location: 2F
2-1: Foul Ball, location: 2F
2-2: Ball
3-2: Ground out 4-3 (Groundball, 4, EV 85.0 MPH)
Pinch Hitting: RHB John Clark 0-0: Ground out 1-3 (Groundball, P, EV 65.0 MPH)
Bottom of the 9th over - 0 runs, 0 hits, 0 errors, 0 left on base; Great Falls 24 - Cleveland (APP) 14
Tuesday, September 13th , 2022 - OOTP Baseball 23.7 Build 88